 Dungeon Crawl Stone Soup version 0.28.0-49-g6dfe1f597d (webtiles) character file.

Game seed: 9692385645610924116

2753 Zeld the Frost Mage (level 9, 0/62 HPs)
             Began as a Ghoul Ice Elementalist on May 12, 2022.
             Slain by a wight
             ... wielding a +0 mace
              (9 damage)
             ... on level 7 of the Dungeon.
             The game lasted 00:11:26 (11117 turns).

Zeld the Frost Mage (Ghoul Ice Elementalist)       Turns: 11117, Time: 00:11:26

Health: 0/62       AC:  5    Str: 12    XL:     9   Next: 68%
Magic:  18/18      EV: 13    Int: 14    God:
Gold:   384        SH:  0    Dex:  9    Spells: 11/22 levels left

rFire   . . .      SeeInvis .   h - +2 hand axe (vorpal)
rCold   + . .      Faith    .   (no shield)
rNeg    + + +      Spirit   .   a - +0 robe
rPois   ∞          Reflect  .   i - +2 helmet
rElec   .          Harm     .   (no cloak)
rCorr   .          Rampage  .   (no gloves)
Will    .....                   (no boots)
Stlth   ++........              (no amulet)
HPRegen 0.00/turn               (no ring)
MPRegen 0.16/turn               (no ring)

@: inhibited regen
A: claws 1, cold resistance 1, negative energy resistance 3, inhibited
regeneration, torment resistance 2
a: no special abilities


You were on level 7 of the Dungeon.
You visited 2 branches of the dungeon, and saw 9 of its levels.

You collected 384 gold pieces.

Inventory:

Hand Weapons
 h - a +2 vorpal hand axe (weapon)
Armour
 a - a +0 robe (worn)
 i - a +2 helmet (worn)
Wands
 u - a wand of iceblast (8)
 w - a wand of acid (8)
Scrolls
 c - 2 scrolls of teleportation {unknown}
 d - 2 scrolls of brand weapon {unknown}
 f - 2 scrolls of fear {unknown}
 j - 2 scrolls of blinking {unknown}
 k - 7 scrolls of identify {unknown}
 m - 2 scrolls of magic mapping {unknown}
 o - 2 scrolls of vulnerability {unknown}
 q - a scroll of enchant armour {unknown}
 t - a scroll of silence {unknown}
 v - a scroll of immolation {unknown}
 x - 2 scrolls of torment {unknown}
 y - a scroll of amnesia {unknown}
Potions
 b - a potion of mutation {unknown}
 e - 2 potions of flight {unknown}
 g - a potion of berserk rage {unknown}
 l - 5 potions of curing {unknown}
 n - 3 potions of might {unknown}
 p - 3 potions of attraction {unknown}
 r - 2 potions of heal wounds {unknown}
 s - a potion of invisibility {unknown}
 z - 2 potions of degeneration {unknown}


   Skills:
 + Level 5.5 Dodging
 - Level 2.1 Stealth
 * Level 7.1 Spellcasting
 * Level 10.1 Ice Magic


You had 11 spell levels left.
You knew the following spells:

 Your Spells              Type           Power      Damage    Failure   Level
a - Freeze                Ice            100%       1d11      1%          1
b - Frozen Ramparts       Ice            66%        1d8       1%          3
c - Ozocubu's Armour      Ice            33%        N/A       1%          3
d - Hailstorm             Conj/Ice       19%        3d6       17%         4

Your spell library contained the following spells:

 Spells                   Type           Power      Damage    Failure   Level
 Static Discharge         Conj/Air       4%         N/A       22%         2
 Dispel Undead            Necr           4%         3d7       80%         4
 Sticky Flame             Conj/Fire      4%         2d3       80%         4


Dungeon Overview and Level Annotations

Branches:
Dungeon (8/15)             Temple (1/1) D:4
   Lair: D:8-11

Altars:
Ashenzari
Dithmenos
Elyvilon
Gozag
Hepliaklqana
Kikubaaqudgha
Makhleb
Nemelex Xobeh
Qazlal
Ru
Trog
Uskayaw
Vehumet
Wu Jian
Xom
Yredelemnul
Zin
The Shining One

Shops:
D:5 :

Annotations:
D:2 Crazy Yiuf


Innate Abilities, Weirdness & Mutations

You thrive by killing the living.
You are immune to poison.
You have sharp fingernails.
Your flesh is cold resistant. (rC+)
You are immune to negative energy. (rN+++)
You do not regenerate when monsters are visible.
You are immune to unholy pain and torment.


Message History

The wight hits you with a +2 dagger of freezing.
The wight freezes you. The wight barely misses you.
You hit the wight but do no damage.
The wight hits you with a +2 dagger of freezing!
The wight freezes you.
You hit the wight.
The wight is lightly damaged.
The wight hits you but does no damage.
You hit the wight.
The wight is moderately damaged.
The wight hits you with a +2 dagger of freezing!
The wight freezes you. The wight closely misses you.
The wight closely misses you.
Really walk into that teleport trap?
You enter a teleport trap!
The teleport trap disappears.
Your surroundings suddenly seem different.
You see here a howler monkey skeleton.
You slash the wight!
The wight is almost destroyed.
You hit the wight but do no damage. The wight hits you with a +0 mace!
The wight hits you with a +2 dagger of freezing.
The wight barely misses you.
You hit the wight.
The wight is moderately damaged.
The wight barely misses you.
The wight hits you with a +2 dagger of freezing.
* * * LOW HITPOINT WARNING * * *
The wight freezes you.
* * * LOW HITPOINT WARNING * * *
The wight completely misses you.
You hit the wight.
You destroy the wight!
You hit the wight.
The wight is severely damaged.
The wight hits you with a +0 mace!
* * * LOW HITPOINT WARNING * * *
You barely miss the wight.
The wight is severely damaged.
The wight hits you with a +0 mace!
You die...

#.# #...#######..... #.#
#....z.z...###.#
#######÷###################.###..
....................# ##...#..
#.##.##.##.##..####.######......#
#.##.##.#.#.#..#.................
..##.##..###....z##.#####.......#
####.##.#.#.#..####.#####.#......
####.##.........@zz...)......#.##
.....#####.########.#####.##.#.##
###### #.# #.# #.......# #.######
#.# #.##.##.#
#......###÷#####.##.##.#
#.##.#.#............##.#
#.##.#.#......##...###.#
#.#..#.#......##.......#
#.#.##.#......##.#.#####


You could see 2 wights.

Vanquished Creatures
  Grinder (D:6)
  A wraith (D:5)
  A water moccasin (D:7)
  2 orc warriors
  2 centaurs
  4 ogres
  2 scorpions (D:5)
  4 bullfrogs
  A water moccasin skeleton (D:5)
  2 wyvern skeletons
  A wight (D:7)
  2 bullfrog zombies
  4 howler monkeys (D:7)
  A jelly (D:4)
  An orc priest (D:5)
  3 gnoll shamans
  5 hounds
  A bullfrog skeleton (D:5)
  3 iguanas
  5 orc wizards
  A hound skeleton (D:5)
  Robin (D:2)
  12 gnolls
  7 adders
  An ufetubus (D:7)
  2 worms (D:3)
  3 dart slugs
  7 orcs
  9 bats
  7 endoplasms
  7 giant cockroaches
  13 goblins
  5 hobgoblins
  5 jackals
  8 kobolds
  8 quokkas
  11 ball pythons
  5 frilled lizards
  8 rats
166 creatures vanquished.

Vanquished Creatures (others)
  15 plants (D:6)
  6 withered plants (D:3)
21 creatures vanquished.

Grand Total: 187 creatures vanquished

Notes
Turn   | Place    | Note
-------+----------+-------------------------------------------
     0 | D:1      | Zeld the Ghoul Ice Elementalist began the quest for the
                  | Orb.
     0 | D:1      | Reached XP level 1. HP: 14/14 MP: 2/2
   335 | D:1      | Reached XP level 2. HP: 20/20 MP: 2/4
   970 | D:1      | Reached XP level 3. HP: 26/26 MP: 2/5
   974 | D:1      | Learned a level 3 spell: Frozen Ramparts
  1662 | D:2      | Noticed Robin
  1670 | D:2      | Reached skill level 5 in Ice Magic
  1672 | D:2      | Killed Robin
  1680 | D:2      | Reached XP level 4. HP: 17/33 MP: 1/6
  2406 | D:2      | Found a faded altar of an unknown god.
  2828 | D:2      | Found a runed translucent door.
  2829 | D:2      | Noticed Crazy Yiuf
  2901 | D:3      | Found an opulent altar of Gozag.
  3022 | D:3      | Learned a level 3 spell: Ozocubu's Armour
  3178 | D:3      | Found an ornate altar of the Wu Jian Council.
  3178 | D:3      | Found a basalt altar of Yredelemnul.
  3216 | D:3      | Reached XP level 5. HP: 29/38 MP: 8/8
  3526 | D:3      | Found an ancient bone altar of Kikubaaqudgha.
  3625 | D:3      | Noticed an ogre
  3635 | D:3      | Killed an ogre
  3739 | D:3      | Reached XP level 6. HP: 42/45 MP: 10/10
  3755 | D:3      | Learned a level 4 spell: Hailstorm
  4109 | D:4      | Reached skill level 6 in Ice Magic
  4242 | D:4      | Found a broken altar of Ashenzari.
  4649 | D:4      | Found a hide-covered altar of Uskayaw.
  4657 | D:4      | Reached XP level 7. HP: 40/50 MP: 5/12
  5253 | D:4      | Found a staircase to the Ecumenical Temple.
  5258 | Temple   | Entered the Ecumenical Temple
  5406 | D:5      | Entered Level 5 of the Dungeon
  5407 | D:5      | Found Socoqin's Self-Improvement Boutique.
  6062 | D:5      | Reached skill level 7 in Ice Magic
  6326 | D:5      | Noticed a wraith
  6786 | D:5      | Reached XP level 8. HP: 42/57 MP: 6/14
  6793 | D:5      | Reached skill level 5 in Spellcasting
  7000 | D:5      | Killed a wraith
  7043 | D:5      | Reached skill level 8 in Ice Magic
  8230 | D:6      | Reached XP level 9. HP: 47/62 MP: 12/17
  8325 | D:6      | Reached skill level 9 in Ice Magic
  8743 | D:6      | Reached skill level 5 in Dodging
  9169 | D:6      | Noticed Grinder
  9181 | D:6      | Paralysed by Grinder for 6 turns
  9990 | D:6      | Killed Grinder
 10670 | D:7      | Reached skill level 10 in Ice Magic
 10781 | D:7      | Found a radiant altar of Vehumet.
 10783 | D:7      | Found a burning altar of Makhleb.
 10833 | D:8      | Noticed a hornet
 10992 | D:7      | Found a shimmering altar of Xom.
 10992 | D:7      | Found a shimmering altar of Xom.
 10993 | D:7      | Found a shimmering altar of Xom.
 10995 | D:7      | Found a shimmering altar of Xom.
 10996 | D:7      | Found a shimmering altar of Xom.
 10998 | D:7      | Found a shimmering altar of Xom.
 10998 | D:7      | Found a shimmering altar of Xom.
 10998 | D:7      | Found a shimmering altar of Xom.
 11117 | D:7      | Slain by a wight

Illustrated notes

Levels and vault maps discovered:
D:1:      lemuel_arrival_cross, layout_basic
D:2:      wad_river_or_something, layout_basic, ebering_ecumenical_altar_webs,
          serial_curves, eino_curves_03, eino_curves_01,
          uniq_crazy_yiuf_cottage, uniq_robin
D:3:      layout_basic, gammafunk_temple_overflow_wave,
          nicolae_gozag_seed_capital, kiku_gazebo_garden_becter
D:4:      layout_gridville, kennysheep_mini, nicolae_ashenzari_panopticon,
          minmay_temple_entry_nine_rooms, st_stairs_8
D:5:      layout_cave_pools, nicolae_shop_self_help
D:6:      minmay_flawed_box, layout_rooms, nicolae_grassy_gnolls, uniq_grinder
D:7:      layout_loops_cross, xom_shifter_show, nicolae_overflow_hidden_temple
D:8:      layout_loops_ring, mainiacjoe_overflow_chevrons, enter_ossuary_4,
          chequers_serial_rivers_marsh, uniq_grum
Temple:   nicolae_temple_figure_zero

Skill      XL: |  1  2  3  4  5  6  7  8  9 |
---------------+----------------------------+-----
Spellcasting   | 2 3 4 6 7 |  7.1
Dodging        | 2 3 4 5 |  5.5
Ice Magic      | 5 6 7 8 10 | 10.1
Stealth        | |  2.1

Action                   |  1- 3 |  4- 6 |  7- 9 || total
-------------------------+-------+-------+-------++-------
Melee: Unarmed           |    40 |       |       ||    40
       Punch             |     1 |       |     2 ||     3
       Hand axe          |    12 |   145 |   199 ||   356
 Cast: Freeze            |    32 |    19 |    56 ||   107
       Frozen Ramparts   |     1 |     5 |    20 ||    26
       Ozocubu's Armour  |       |       |     3 ||     3
 Stab: Sleeping          |     5 |     3 |     2 ||    10
Armor: Robe              |    19 |    63 |    80 ||   162
Dodge: Dodged            |    62 |   105 |   239 ||   406
